 Dungeon Crawl Stone Soup version 0.27.0-1-g7a089689b8 (webtiles) character file.

Game seed: 6598969515632549999

33 mainiacjoe the Sneak (level 3, -5/21 HPs)
             Began as an Octopode Earth Elementalist on Aug 14, 2021.
             Splashed by an acid dragon's acid (13 damage)
             ... on level 4 of the Dungeon.
             The game lasted 00:05:00 (2463 turns).

mainiacjoe the Sneak (Octopode Earth Elementalist)  Turns: 2463, Time: 00:05:01

Health: -5/21      AC: -3    Str:  7    XL:     3   Next: 29%
Magic:  6/6        EV: 13    Int: 18    God:
Gold:   69         SH:  0    Dex: 12    Spells: 3/6 levels left

rFire    + . .     SeeInvis .   a - +0 dagger
rCold    . . .     Faith    .   (no shield)
rNeg     . . .     Spirit   .   (helmet restricted)
rPois    .         Reflect  .   d - amulet of magic regeneration
rElec    .         Harm     .   f - ring of protection from fire
rCorr    .         Rampage  .   (no ring)
Will     .....                  (no ring)
Stlth    ++++......             (no ring)
HPRegen  0.07/turn              (no ring)
MPRegen  0.35/turn              (no ring)
                                (no ring)
                                (no ring)

@: corroded
A: almost no armour, amphibious, 8 rings, camouflage 1, gelatinous body 1,
(nimble swimmer 1), tentacles
a: no special abilities


You were on level 4 of the Dungeon.
You visited 1 branch of the dungeon, and saw 3 of its levels.

You collected 69 gold pieces.

Inventory:

Hand Weapons
 a - a +0 dagger (weapon)
 b - a +0 battleaxe
 c - a +0 club
Missiles
 e - 69 stones (quivered)
 i - 19 arrows
 j - 11 boomerangs
 l - 27 sling bullets
Jewellery
 d - an amulet of magic regeneration (around mantle)
 f - a ring of protection from fire (left tentacle)
Potions
 g - a potion of heal wounds {unknown}
 h - a potion of curing {unknown}
 k - a potion of brilliance {unknown}
 m - a potion of invisibility {unknown}


   Skills:
 - Level 2.0 Dodging
 * Level 4.5 Stealth
 - Level 2.0 Spellcasting
 - Level 1.0 Transmutations
 + Level 3.4 Earth Magic


You had 3 spell levels left.
You knew the following spells:

 Your Spells              Type           Power      Damage    Failure   Level
a - Sandblast             Erth           28%        2d8       4%          1
p - Passwall              Tmut/Erth      7%         N/A       11%         2

Your spell library contained the following spells:

 Spells                   Type           Power      Damage    Failure   Level
 Slow                     Hex            1%         N/A       26%         2
 Stone Arrow              Conj/Erth      14%        3d7       26%         3
 Confusing Touch          Hex            1%         N/A       47%         3
 Petrify                  Tmut/Erth      9%         N/A       58%         4
 Yara's Violent Unravell  Hex/Tmut       1%         3d3       99%         5


Dungeon Overview and Level Annotations

Branches:
Dungeon (2/15)

Altars:


Innate Abilities, Weirdness & Mutations

You cannot wear most types of armour.
You are amphibious.
You can wear up to eight rings at the same time.
Your skin changes colour to match your surroundings (Stealth+).
Your rubbery body absorbs attacks. (AC +1, EV +1)
((You are camouflaged near water. (Stealth+)))
You have tentacles for arms and can constrict up to eight enemies at once.


Message History

A giant cockroach comes into view.
Found a book of Misfortune.
The helpless giant cockroach fails to defend itself.
You puncture the giant cockroach!
You kill the giant cockroach!
You see here a giant cockroach corpse.
You pick up a book of Misfortune and begin reading...
You add the spells Slow, Confusing Touch and Yara's Violent Unravelling to your library.
A jackal comes into view.
A jackal comes into view.
The helpless jackal fails to defend itself.
You puncture the jackal!
You kill the jackal!
You throw a stone.
The stone hits the jackal but does no damage.
The jackal barely misses you.
You hit the jackal. You grab the jackal.
The jackal is moderately wounded.
You constrict the jackal. The jackal barely misses you. The jackal bites you.
You hit the jackal but do no damage.
The jackal is heavily wounded.
You constrict the jackal, but do no damage.
The jackal bites you.
You hit the jackal.
The jackal is almost dead.
You constrict the jackal.
You kill the jackal!
No target in view!
No target in view!
An acid dragon comes into view.
Found 19 gold pieces.
The helpless acid dragon fails to defend itself.
You puncture the acid dragon!
The acid dragon is moderately wounded.
The acid dragon spits acid at you. The splash of acid hits you!
Ouch! That really hurt!
The acid corrodes you!
You are splashed with acid!
Ouch! That really hurt!
You die...

. .... . #..# ...... .
..# $..... . #.# #......
. ##.### ....... . ..
##....##....... . #..
##......#....... . #..
##...##.......... #.#
###..@#####........
#..###.....D.# ##........
## #.......#....#
#......... .#
#.....####...# #......#..
.# ##....##
##..###.....## . .#
##......# #...##....##
.###.......## ##..#.#...#
..##........###
#.......##
..#..####.....###.......#


You could see an acid dragon (catching breath).

Vanquished Creatures
  A dart slug (D:1)
  An orc (D:4)
  2 endoplasms (D:1)
  3 giant cockroaches
  5 jackals
  4 kobolds
  A quokka (D:1)
  3 ball pythons (D:1)
  5 bats
  3 rats (D:1)
28 creatures vanquished.

Notes
Turn   | Place    | Note
-------+----------+-------------------------------------------
     0 | D:1      | mainiacjoe the Octopode Earth Elementalist began the quest
                  | for the Orb.
     0 | D:1      | Reached XP level 1. HP: 11/11 MP: 3/3
   427 | D:1      | Reached skill level 3 in Stealth
   703 | D:1      | Reached XP level 2. HP: 17/17 MP: 5/5
   858 | D:1      | Learned a level 2 spell: Passwall
   887 | D:1      | Found a faded altar of an unknown god.
  1128 | D:1      | Reached skill level 4 in Stealth
  1406 | D:1      | Reached XP level 3. HP: 21/21 MP: 6/6
  1716 | D:2      | You fall into a shaft and drop 2 floors!
  2432 | D:4      | Noticed an acid dragon
  2463 | D:4      | Splashed by an acid dragon's acid

Illustrated notes

Levels and vault maps discovered:
D:1:      ebering_hopf_link, layout_basic,
          shapermc_ecumenical_altar_mp_urbaneastern, columned_hall_lemuel,
          minmay_bisected
D:2:      layout_basic, serial_shops, shop, minmay_pentomino_r2, uniq_robin,
          uniq_jessica
D:4:      layout_layer_cave, gammafunk_temple_overflow_claw,
          minmay_temple_entry_enclosed_plants

Skill      XL: |  1  2 |
---------------+-------+-----
Stealth        | 3 4 |  4.5
Dodging        | |  2.0
Spellcasting   | |  2.0
Transmutations | |  1.0
Earth Magic    | |  3.4

Action                   || total
-------------------------++-------
Melee: Battleaxe         ||    13
       Unarmed           ||     5
       Constrict         ||    11
       Tentacles         ||     5
       Club              ||     1
       Dagger            ||    41
Throw: Stone             ||    12
 Cast: Sandblast         ||     5
       Passwall          ||     6
 Stab: Sleeping          ||    12
Armor: Skin              ||     3
Dodge: Dodged            ||    32
